3AAA
HAMILTON COYOTES @ WILMINGTON BAY HAWKS
06/08/2023
 
TOP OF THE 1ST
Hamilton Coyotes batting - Pitching for Wilmington Bay Hawks : LHP Ryan McCall
Pitching: LHP Ryan McCall
Batting: RHB Rodrigo Pagán 0-0: Bunt for hit - play at first, batter safe!
Batting: RHB Nectanebos Dolenian 0-0: Called Strike
0-1: Ball
1-1: Hit by Pitch
Rodrigo Pagán to second
Batting: RHB Héctor Rojas 0-0: Called Strike
0-1: Foul Ball, location: 2F
0-2: Foul Ball, location: 2F
0-2: Strikes out looking
Batting: RHB José Icaza 0-0: Foul Ball, location: 2F
0-1: Ball
1-1: 3-RUN HOME RUN (Flyball, 7D), Distance : 380 ft
Batting: RHB Dan Bernard 0-0: Called Strike
0-1: Called Strike
0-2: Fly out, F9 (Flyball, 9S)
Batting: RHB Jesús Soto 0-0: Ball
1-0: Ball
2-0: Ground out 4-3 (Groundball, 4M)
Top of the 1st over - 3 run(s), 2 hit(s), 0 error(s), 0 left on base; Hamilton 3 - Wilmington 0
BOTTOM OF THE 1ST
Wilmington Bay Hawks batting - Pitching for Hamilton Coyotes : RHP King Fletcher
Pitching: RHP King Fletcher
Batting: LHB Steve Grimes 0-0: Fly out, F6 (Popup, 6D)
Batting: RHB Miguel Angel González 0-0: Ball
1-0: Ball
2-0: Called Strike
2-1: Ball
3-1: Called Strike
3-2: Foul Ball, location: 2F
3-2: Foul Ball, location: 2F
3-2: Strikes out swinging
Batting: RHB Phil Terry 0-0: Called Strike
0-1: Ball
1-1: Foul Ball, location: 2F
1-2: Ball
2-2: Ground out 6-3 (Groundball, 6)
Bottom of the 1st over - 0 run(s), 0 hit(s), 0 error(s), 0 left on base; Hamilton 3 - Wilmington 0
TOP OF THE 2ND
Hamilton Coyotes batting - Pitching for Wilmington Bay Hawks : LHP Ryan McCall
Batting: RHB Monty Sharp 0-0: Ball
1-0: SINGLE (Groundball, 4M)
Batting: RHB Sam Horton 0-0: Called Strike
0-1: SINGLE (Groundball, 56)
Monty Sharp to second
Batting: RHB Michael Peterson 0-0: Called Strike
0-1: Ball
1-1: DOUBLE (Flyball, 89M)
Monty Sharp scores
Sam Horton to third
Runner from 3rd tries for Home, SAFE, throw made home
Batting: RHB Rodrigo Pagán 0-0: Ball
1-0: Foul Ball, location: 2F
1-1: Ball
Michael Peterson steals 3rd base
2-1: Ball
3-1: Base on Balls
Batting: RHB Nectanebos Dolenian 0-0: Called Strike
0-1: Swinging Strike
0-2: Ball
1-2: DOUBLE (Line Drive, 9LS)
Michael Peterson scores
Rodrigo Pagán to third
Runner from 3rd tries for Home, SAFE, no throw or cutoff
Batting: RHB Héctor Rojas 0-0: Ball
1-0: Ball
2-0: Ball
3-0: Called Strike
3-1: Base on Balls
Batting: RHB José Icaza 0-0: Ball
1-0: 3-RUN HOME RUN (Flyball, 7D), Distance : 364 ft
Pitching: RHP Earnest Hunt
Batting: RHB Dan Bernard 0-0: Called Strike
0-1: Ball
1-1: Called Strike
1-2: Ball
2-2: Fly out, F9 (Flyball, 9S)
Batting: RHB Jesús Soto 0-0: SINGLE (Line Drive, 34)
Batting: RHB Monty Sharp 0-0: Ball
1-0: Foul Ball, location: 2F
1-1: Foul Ball, location: 2F
1-2: Ball
2-2: Fielders Choice at 2nd, 6-4 (Groundball, 6)
Batting: RHB Sam Horton 0-0: Ball
1-0: Ball
2-0: Foul Ball, location: 2F
2-1: Foul Ball, location: 2F
2-2: Ball
3-2: Ground out 2-3 (Groundball, 23)
Top of the 2nd over - 7 run(s), 6 hit(s), 0 error(s), 1 left on base; Hamilton 10 - Wilmington 0
BOTTOM OF THE 2ND
Wilmington Bay Hawks batting - Pitching for Hamilton Coyotes : RHP King Fletcher
Batting: RHB Broderick Terry 0-0: Ball
1-0: Ground out 4-3 (Groundball, 4M)
Batting: RHB Bob McNeil 0-0: Called Strike
0-1: Swinging Strike
0-2: Strikes out swinging
Batting: RHB Daniel Cooper 0-0: Ground out 6-3 (Groundball, 6)
Bottom of the 2nd over - 0 run(s), 0 hit(s), 0 error(s), 0 left on base; Hamilton 10 - Wilmington 0
TOP OF THE 3RD
Hamilton Coyotes batting - Pitching for Wilmington Bay Hawks : RHP Earnest Hunt
Batting: RHB Michael Peterson 0-0: Ball
1-0: Swinging Strike
1-1: Ball
2-1: Ball
3-1: Base on Balls
Batting: RHB Rodrigo Pagán 0-0: TRIPLE (Flyball, 78XD)
Michael Peterson scores
Batting: RHB Nectanebos Dolenian 0-0: Called Strike
0-1: Ball
1-1: Called Strike
1-2: Ground out 6-3 (Groundball, 6)
Rodrigo Pagán scores
Batting: RHB Héctor Rojas 0-0: Ball
1-0: Ball
2-0: Fly out, F9 (Flyball, 9D)
Batting: RHB José Icaza 0-0: Ball
1-0: Ball
2-0: Ball
3-0: Base on Balls
Batting: RHB Dan Bernard 0-0: Ball
1-0: Fielders Choice at 2nd, 6-4 (Groundball, 6)
Top of the 3rd over - 2 run(s), 1 hit(s), 0 error(s), 0 left on base; Hamilton 12 - Wilmington 0
BOTTOM OF THE 3RD
Wilmington Bay Hawks batting - Pitching for Hamilton Coyotes : RHP King Fletcher
Batting: RHB José Ramos 0-0: Called Strike
0-1: Ball
1-1: Foul Ball, location: 2F
1-2: Fly out, F2 (Popup, 25F)
Batting: RHB Pedro Clemente 0-0: Called Strike
0-1: Swinging Strike
0-2: Strikes out looking
Batting: RHB Jim Unknown 0-0: Foul Ball, location: 2F
0-1: DOUBLE (Flyball, 8LXD)
Batting: LHB Steve Grimes 0-0: Fly out, F3 (Line Drive, 3S)
Bottom of the 3rd over - 0 run(s), 1 hit(s), 0 error(s), 1 left on base; Hamilton 12 - Wilmington 0
TOP OF THE 4TH
Hamilton Coyotes batting - Pitching for Wilmington Bay Hawks : RHP Earnest Hunt
Batting: RHB Jesús Soto 0-0: Called Strike
0-1: Ground out 6-3 (Groundball, 6)
Batting: RHB Monty Sharp 0-0: Foul Ball, location: 2F
0-1: Hit by Pitch
Batting: RHB Sam Horton 0-0: Ball
1-0: Called Strike
1-1: Foul Ball, location: 2F
1-2: Grounds into double play, U6-3 (Groundball, 6M)
Top of the 4th over - 0 run(s), 0 hit(s), 0 error(s), 0 left on base; Hamilton 12 - Wilmington 0
BOTTOM OF THE 4TH
Wilmington Bay Hawks batting - Pitching for Hamilton Coyotes : RHP King Fletcher
Batting: RHB Miguel Angel González 0-0: Foul Ball, location: 2F
0-1: Called Strike
0-2: Ball
1-2: Ball
2-2: Foul Ball, location: 2F
2-2: Ball
3-2: Foul Ball, location: 2F
3-2: Foul Ball, location: 2F
3-2: SINGLE (Flyball, 8RS)
Batting: RHB Phil Terry 0-0: Foul Ball, location: 2F
0-1: Ball
1-1: Fly out, F8 (Flyball, 8RS)
Batting: RHB Broderick Terry 0-0: Called Strike
0-1: Ball
1-1: Called Strike
1-2: Strikes out swinging
Batting: RHB Bob McNeil 0-0: Ball
1-0: Ground out 1-3 (Groundball, 15)
Bottom of the 4th over - 0 run(s), 1 hit(s), 0 error(s), 1 left on base; Hamilton 12 - Wilmington 0
TOP OF THE 5TH
Hamilton Coyotes batting - Pitching for Wilmington Bay Hawks : RHP Earnest Hunt
Batting: RHB Michael Peterson 0-0: Swinging Strike
0-1: Swinging Strike
0-2: Foul Ball, location: 2F
0-2: Strikes out swinging
Batting: RHB Rodrigo Pagán 0-0: Ball
1-0: Reached on error, E5 (Groundball, 5)
Batting: RHB Nectanebos Dolenian 0-0: Foul Ball, location: 2F
0-1: Ball
1-1: Ball
2-1: Foul Ball, location: 2F
2-2: Ball
3-2: Strikes out swinging
Batting: RHB Héctor Rojas 0-0: Called Strike
0-1: Ball
1-1: Foul Ball, location: 2F
1-2: Ball
2-2: Ground out 6-3 (Groundball, 6)
Top of the 5th over - 0 run(s), 0 hit(s), 1 error(s), 1 left on base; Hamilton 12 - Wilmington 0
BOTTOM OF THE 5TH
Wilmington Bay Hawks batting - Pitching for Hamilton Coyotes : RHP King Fletcher
Batting: RHB Daniel Cooper 0-0: Foul Ball, location: 2F
0-1: Ground out 6-3 (Groundball, 6M)
Batting: RHB José Ramos 0-0: Ball
1-0: Ball
2-0: Ground out 6-3 (Groundball, 6M)
Batting: RHB Pedro Clemente 0-0: Called Strike
0-1: Ball
1-1: Ball
2-1: Foul Ball, location: 2F
2-2: Foul Ball, location: 2F
2-2: Strikes out swinging
Bottom of the 5th over - 0 run(s), 0 hit(s), 0 error(s), 0 left on base; Hamilton 12 - Wilmington 0
TOP OF THE 6TH
Hamilton Coyotes batting - Pitching for Wilmington Bay Hawks : RHP Earnest Hunt
Batting: RHB José Icaza 0-0: Called Strike
0-1: Ball
1-1: Called Strike
1-2: Foul Ball, location: 2F
1-2: Strikes out swinging
Batting: RHB Dan Bernard 0-0: Ball
1-0: Fly out, F9 (Flyball, 9M)
Batting: RHB Jesús Soto 0-0: Called Strike
0-1: Foul Ball, location: 2F
0-2: Ball
1-2: Ball
2-2: Ground out 6-3 (Groundball, 6)
Top of the 6th over - 0 run(s), 0 hit(s), 0 error(s), 0 left on base; Hamilton 12 - Wilmington 0
BOTTOM OF THE 6TH
Wilmington Bay Hawks batting - Pitching for Hamilton Coyotes : RHP King Fletcher
Batting: RHB Jim Unknown 0-0: Fly out, F9 (Popup, 89S)
Pinch Hitting: LHB Jim Unknown 0-0: Ground out 4-3 (Groundball, 4M)
Batting: RHB Miguel Angel González 0-0: Ball
1-0: Ball
2-0: Foul Ball, location: 2F
2-1: Foul Ball, location: 2F
2-2: Ball
3-2: Fly out, F8 (Flyball, 8LM)
Bottom of the 6th over - 0 run(s), 0 hit(s), 0 error(s), 0 left on base; Hamilton 12 - Wilmington 0
TOP OF THE 7TH
Hamilton Coyotes batting - Pitching for Wilmington Bay Hawks : RHP Earnest Hunt
Now in RF: Jim Unknown
Batting: RHB Monty Sharp 0-0: Called Strike
0-1: Called Strike
0-2: Ball
1-2: Foul Ball, location: 2F
1-2: Fly out, F7 (Flyball, 78D)
Batting: RHB Sam Horton 0-0: Ball
1-0: Ball
2-0: Ball
3-0: Swinging Strike
3-1: Base on Balls
Batting: RHB Michael Peterson 0-0: SINGLE (Line Drive, 89M)
Sam Horton to second
Batting: RHB Rodrigo Pagán 0-0: Called Strike
0-1: SINGLE (Groundball, 6)
Sam Horton to third
Michael Peterson to second
Runner from 3rd tries for Home, SAFE, throw made home
Michael Peterson to third
Rodrigo Pagán to second
Pitching: RHP Pedro Aguilar
Batting: RHB Nectanebos Dolenian 0-0: Foul Ball, location: 2F
0-1: Ball
1-1: Foul Ball, location: 2F
1-2: Foul Ball, location: 2F
1-2: Ball
2-2: SINGLE (Line Drive, 34D)
Michael Peterson scores
Rodrigo Pagán to third
Runner from 3rd tries for Home, SAFE, no throw or cutoff
Batting: RHB Héctor Rojas 0-0: Ball
Nectanebos Dolenian is caught stealing 2nd base
1-0: Called Strike
1-1: Foul Ball, location: 2F
1-2: SOLO HOME RUN (Flyball, 8LXD), Distance : 428 ft
Batting: RHB José Icaza 0-0: Ball
1-0: Ball
2-0: Ball
3-0: Foul Ball, location: 2F
3-1: Base on Balls
Batting: RHB Dan Bernard 0-0: Ball
1-0: Called Strike
1-1: Foul Ball, location: 2F
1-2: Foul Ball, location: 2F
1-2: Foul Ball, location: 2F
1-2: Ball
2-2: Fly out, F8 (Flyball, 8RS)
Top of the 7th over - 4 run(s), 4 hit(s), 0 error(s), 1 left on base; Hamilton 16 - Wilmington 0
BOTTOM OF THE 7TH
Wilmington Bay Hawks batting - Pitching for Hamilton Coyotes : RHP King Fletcher
Batting: RHB Phil Terry 0-0: Foul Ball, location: 2F
0-1: Foul Ball, location: 2F
0-2: Ball
1-2: Hit by Pitch
Batting: RHB Broderick Terry 0-0: Called Strike
0-1: SINGLE (Popup, 56)
Phil Terry to second
Batting: RHB Bob McNeil 0-0: Called Strike
0-1: Ball
1-1: SINGLE (Line Drive, 7S)
Phil Terry to third
Broderick Terry to second
Runner from 3rd tries for Home, throw and OUT!
Batting: RHB Daniel Cooper 0-0: Called Strike
0-1: Ball
1-1: Ball
2-1: Foul Ball, location: 2F
2-2: Ball
3-2: Foul Ball, location: 2F
3-2: Base on Balls
Broderick Terry to third
Bob McNeil to second
Batting: RHB José Ramos 0-0: Fly out, F5 (Popup, 25F)
Batting: RHB Pedro Clemente 0-0: Foul Ball, location: 2F
0-1: Swinging Strike
0-2: Ball
1-2: Ball
2-2: Ball
3-2: Strikes out swinging
Bottom of the 7th over - 0 run(s), 2 hit(s), 0 error(s), 3 left on base; Hamilton 16 - Wilmington 0
TOP OF THE 8TH
Hamilton Coyotes batting - Pitching for Wilmington Bay Hawks : RHP Pedro Aguilar
Batting: RHB Jesús Soto 0-0: Ball
1-0: Ball
2-0: Ball
3-0: Base on Balls
Batting: RHB Monty Sharp 0-0: Sac Bunt - play at second, runner OUT! 1-6
Batting: RHB Sam Horton 0-0: Ball
Monty Sharp steals 2nd base
1-0: Foul Ball, location: 2F
1-1: Ball
2-1: Ball
3-1: SINGLE (Line Drive, 6MD)
Monty Sharp to third
Batting: RHB Michael Peterson 0-0: Called Strike
0-1: Ball
1-1: Ball
2-1: Called Strike
2-2: Strikes out swinging
Batting: RHB Rodrigo Pagán 0-0: Ball
1-0: Foul Ball, location: 2F
1-1: Called Strike
1-2: Fly out, F7 (Flyball, 7LM)
Top of the 8th over - 0 run(s), 1 hit(s), 0 error(s), 2 left on base; Hamilton 16 - Wilmington 0
BOTTOM OF THE 8TH
Wilmington Bay Hawks batting - Pitching for Hamilton Coyotes : RHP King Fletcher
Now at SS: Bruce Hunt
Batting: RHB Jim Unknown 0-0: Swinging Strike
0-1: DOUBLE (Groundball, 5L)
Batting: LHB Jim Unknown 0-0: Ball
1-0: Ball
2-0: Swinging Strike
2-1: DOUBLE (Line Drive, 78M)
Jim Unknown scores
Batting: RHB Miguel Angel González 0-0: Ball
Wild Pitch!
Jim Unknown to third
1-0: Foul Ball, location: 2F
1-1: Swinging Strike
1-2: Ball
2-2: SINGLE (Groundball, 4MD) (infield hit)
Jim Unknown scores
Batting: RHB Phil Terry 0-0: Called Strike
0-1: Fly out, F9 (Flyball, 89M)
Batting: RHB Broderick Terry 0-0: Ball
1-0: Called Strike
1-1: Foul Ball, location: 2F
1-2: Foul Ball, location: 2F
1-2: Grounds into double play, 1-4-3 (Groundball, 13)
Bottom of the 8th over - 2 run(s), 3 hit(s), 0 error(s), 0 left on base; Hamilton 16 - Wilmington 2
TOP OF THE 9TH
Hamilton Coyotes batting - Pitching for Wilmington Bay Hawks : RHP Pedro Aguilar
Pitching: RHP Jen-djieh Si
Batting: RHB Nectanebos Dolenian 0-0: Foul Ball, location: 2F
0-1: Called Strike
0-2: Ball
1-2: SINGLE (Groundball, 6MD)
Pinch Hitting: LHB Ralph Dunford 0-0: Ball
1-0: Ball
2-0: Ball
3-0: Base on Balls
Nectanebos Dolenian to second
Batting: RHB José Icaza 0-0: Ball
1-0: Called Strike
1-1: Swinging Strike
1-2: Ball
2-2: Ball
3-2: Base on Balls
Nectanebos Dolenian to third
Ralph Dunford to second
Batting: RHB Dan Bernard 0-0: SINGLE (Line Drive, 7S)
Nectanebos Dolenian scores
Ralph Dunford to third
José Icaza to second
Batting: RHB Jesús Soto 0-0: Swinging Strike
0-1: Foul Ball, location: 2F
0-2: Strikes out swinging
Batting: RHB Monty Sharp 0-0: Ball
1-0: Called Strike
1-1: Ball
2-1: Foul Ball, location: 2F
2-2: Foul Ball, location: 2F
2-2: Foul Ball, location: 2F
2-2: Foul Ball, location: 2F
2-2: Ball
3-2: Fielders Choice at 2nd, 2-6 (Groundball, 2R)
Ralph Dunford scores
José Icaza to third
Batting: SHB Bruce Hunt 0-0: Ground out 4-3 (Groundball, 13)
Top of the 9th over - 2 run(s), 2 hit(s), 0 error(s), 2 left on base; Hamilton 18 - Wilmington 2
BOTTOM OF THE 9TH
Wilmington Bay Hawks batting - Pitching for Hamilton Coyotes : RHP King Fletcher
Now at 1B: Jack O'Brien
Now at 2B: Quinn Johnson
Batting: RHB Bob McNeil 0-0: Called Strike
0-1: Fly out, F8 (Flyball, 8RS)
Batting: RHB Daniel Cooper 0-0: Ball
1-0: Foul Ball, location: 2F
1-1: Ball
2-1: Swinging Strike
2-2: Fly out, F8 (Flyball, 8RXD)
Batting: RHB José Ramos 0-0: Foul Ball, location: 2F
0-1: Foul Ball, location: 2F
0-2: Ball
1-2: Ball
2-2: Ball
3-2: TRIPLE (Line Drive, 8LM)
Batting: RHB Pedro Clemente 0-0: Ball
1-0: Ball
2-0: Foul Ball, location: 2F
2-1: Ball
3-1: Foul Ball, location: 2F
3-2: Fly out, F9 (Flyball, 9D)
Bottom of the 9th over - 0 run(s), 1 hit(s), 0 error(s), 1 left on base; Hamilton 18 - Wilmington 2
This league is powered by Out of the Park Baseball, the baseball management simulation game for PC, Mac and Linux
Friday, July 8th, 2016 - OOTP Baseball 16.9 Build 39